 Dungeon Crawl Stone Soup version 0.22-a0-160-gcc81d7a (webtiles) character file.

200 Borgoz the Chopper (level 5, -5/48 HPs)
             Began as a Hill Orc Abyssal Knight on Feb 10, 2018.
             Was a Believer of Lugonu.
             Killed from afar by Ijyb (8 damage)
             ... with a wand of flame (16)
             ... on level 4 of the Dungeon.
             The game lasted 00:05:23 (3212 turns).

Borgoz the Chopper (Hill Orc Abyssal Knight)        Turns: 3212, Time: 00:05:24

Health: -5/48      AC:  3    Str: 15    XL:     5   Next: 78%
Magic:  6/6        EV: 10    Int: 12    God:    Lugonu [**....]
Gold:   205        SH:  0    Dex: 11    Spells: 4/4 levels left

rFire    . . .     SeeInvis .   a - +2 hand axe
rCold    . . .     Gourm    .   (no shield)
rNeg     . . .     Faith    .   b - +0 leather armour
rPois    .         Spirit   .   (no helmet)
rElec    .         Reflect  .   (no cloak)
rCorr    .         Harm     .   (no gloves)
MR       .....                  (no boots)
Stlth    +.........             (no amulet)
HPRegen  0.16/turn              (no ring)
MPRegen  0.10/turn              (no ring)

@: hasted, very heavily drained, very quick
A: no striking features
a: Depart the Abyss, Bend Space, Renounce Religion


You were on level 4 of the Dungeon.
You worshipped Lugonu.
Lugonu was pleased with you.
You were hungry.

You visited 1 branch of the dungeon, and saw 4 of its levels.
You visited the Abyss 1 time.

You collected 205 gold pieces.

Inventory:

Hand Weapons
 a - a +2 hand axe (weapon)
Armour
 b - a +0 leather armour (worn)
 k - a +0 pair of gloves
Jewellery
 h - a +1 ring of evasion {unknown}
Scrolls
 j - a scroll of remove curse
 l - a scroll of teleportation {unknown}
Potions
 d - a potion of degeneration {unknown}
 g - a potion of haste
 i - a potion of agility {unknown}
 m - a potion of berserk rage {unknown}
Comestibles
 c - 5 rations
 f - 2 chunks of flesh


   Skills:
 + Level 5.1(2.1) Fighting
 + Level 5.5(2.4) Axes
 + Level 2.9(0.0) Armour
 + Level 1.4(0.0) Dodging
 + Level 2.5(0.0) Invocations


You had 4 spell levels left.
You didn't know any spells.

Dungeon Overview and Level Annotations

Branches:
Dungeon (4/15)
 Temple: D:4-7

Altars:
Cheibriados
Xom

Annotations:
D:3 Borgoz's ghost, amateur HOAK
D:4 Ijyb


Message History

The orc wizard blinks!
Ijyb drinks a potion.
Ijyb is healed!
The orc wizard gestures wildly while chanting.
The orc wizard blinks!
You closely miss Ijyb.
Ijyb is heavily wounded.
Ijyb screams, "I cut your head off!" Ijyb barely misses you.
Ijyb hits you with a dagger of draining.
* * * LOW HITPOINT WARNING * * *
You feel drained.
* * * LOW HITPOINT WARNING * * *
Okay, then.
It was a potion of haste.
You feel yourself speed up. Ijyb barely misses you.
Ijyb zaps a wand.
The puff of flame hits you!
* * * LOW HITPOINT WARNING * * *
Found a ration.
Found 18 poisoned needles.
Ijyb screams, "You nasty!
Big nasty!"
Ijyb zaps a wand.
The puff of flame hits you!
You die...

,,..# #..,,,,,,,,,* **#.#
#.#********,* #.# #.# *,* #.#
#.# *,* ###.# #.# *,* ....#
#.# *,* ##..#######.####
***.##*
#..........g..####.....******
*##########)##..@.......,,,,,*
≈≈≈≈,≈** #.##..........****,*
******≈* *#.##.####.....* *,*
≈≈,,**,***.....# *,.(..* *,*
,***≈*,*,,....%# ***###* *,*
≈*∩≈**≈*,....!## *,*
≈*****≈*,###.#* *,* *≈≈≈≈,**,*
#.* *,* *******,,* *,* *,*


You could see Ijyb.

Vanquished Creatures
  A howler monkey (D:4)
  An orc priest (D:4)
  An orc wizard (D:2)
  An adder (D:4)
  3 oozes
  A worm (D:3)
  3 dart slugs
  3 leopard geckos
  5 orcs
  4 giant cockroaches
  10 hobgoblins
  A quokka (D:3)
  A ball python (D:1)
  5 bats
  7 frilled lizards
  7 goblins
  8 kobolds
  A quokka skeleton (D:4)
  8 rats
71 creatures vanquished.

Notes
Turn   | Place    | Note
-------+----------+-------------------------------------------
     0 | Abyss:1  | Borgoz the Hill Orc Abyssal Knight began the quest for the Orb.
     0 | Abyss:1  | Reached XP level 1. HP: 19/19 MP: 2/2
    42 | Abyss:1  | Noticed a large abomination
    42 | D:1      | Escaped the Abyss
   503 | D:1      | Reached XP level 2. HP: 24/28 MP: 3/3
   685 | D:1      | Reached * piety under Lugonu
   703 | D:1      | Reached XP level 3. HP: 29/34 MP: 4/4
  1712 | D:2      | Found a shimmering altar of Xom.
  1747 | D:2      | Reached ** piety under Lugonu
  1908 | D:2      | Reached XP level 4. HP: 37/41 MP: 5/5
  2129 | D:3      | Reached skill level 1 in Dodging
  2200 | D:3      | Noticed Borgoz's ghost (amateur HOAK)
  2764 | D:3      | Reached XP level 5. HP: 18/47 MP: 6/6
  2990 | D:4      | Reached skill level 5 in Fighting
  2990 | D:4      | Reached skill level 5 in Axes
  3016 | D:4      | Found a snail-covered altar of Cheibriados.
  3176 | D:4      | Noticed Ijyb
  3212 | D:4      | Killed from afar by Ijyb

Vault maps used:
D:1:      dpeg_arrival_stone_temple_mockup, st_stairs_5, minmay_misc_feat_room
D:2:      nicolae_overflow_crystal_walls
D:4:      cheibriados_altar_1, gup_sewer_entry_spiral, first_ration,
          nicolae_qazlal_style_of_elements, uniq_ijyb

Skill      XL: |  1  2  3  4  5 |
---------------+----------------+-----
Fighting       | 4 5 |  5.1
Axes           | 3 4 5 |  5.5
Dodging        | 1 |  1.4
Armour         | |  2.9
Invocations    | |  2.5

Action                   |  1- 3 |  4- 6 || total
-------------------------+-------+-------++-------
Melee: Hand axe          |   120 |   114 ||   234
Invok: Depart the Abyss  |     1 |       ||     1
  Use: Scroll            |       |     6 ||     6
       Potion            |       |     2 ||     2
 Stab: Sleeping          |     1 |       ||     1
  Eat: Chunk             |     3 |     4 ||     7
Armor: Leather armour    |    36 |    15 ||    51
Dodge: Dodged            |    69 |    60 ||   129

Table legend:
 A = Spawn XP
 B = Non-spawn XP
 C = Spawn XP percentage of total XP
 D = Spawn monster count
 E = Non-spawn monster count
 F = Spawn count percentage of total count
 G = Total turns spent on level
                    A         B        C        D         E        F      G
               +---------+---------+-------+---------+---------+-------+---------
         Total |       0 |     286 |   0.0 |       0 |      71 |   0.0 |  3212
               +---------+---------+-------+---------+---------+-------+---------
           D:1 |       0 |      51 |   0.0 |       0 |      30 |   0.0 |  1438
           D:2 |       0 |      72 |   0.0 |       0 |      17 |   0.0 |   746
           D:3 |       0 |      42 |   0.0 |       0 |      17 |   0.0 |   730
           D:4 |       0 |     121 |   0.0 |       0 |       7 |   0.0 |   256
               +---------+---------+-------+---------+---------+-------+---------
